 Dungeon Crawl Stone Soup version 0.30.1-4-g462c640d31 (webtiles) character file.

Game seed: 12329174481971453902

996 arthad the Chopper (level 8, 0/63 HPs)
             Began as a Gnoll Reaver on Aug 20, 2023.
             Was an Initiate of Gozag.
             Shot with a bolt by an orc warrior (25 damage)
             ... on level 6 of the Dungeon.
             The game lasted 00:10:19 (5955 turns).

arthad the Chopper (Gnoll Reaver)                   Turns: 5955, Time: 00:10:19

Health: 0/63       AC:  3    Str: 14    XL:     8   Next: 19%
Magic:  16/17      EV: 12    Int: 10    God:    Gozag
Gold:   587        SH:  8    Dex: 14    Spells: 17/19 levels left

rFire   + . .        w - +2 hand axe (elec)
rCold   + . .        f - +0 kite shield
rNeg    . . .        b - +0 leather armour
rPois   .            (no helmet)
rElec   +            (no cloak)
rCorr   .            (no gloves)
SInv    .            (no boots)
Will    .....        e - amulet "Bayzet" {RegenMP rElec rF++ Int-2 Dex+3}
Stlth   ++           C - ring of ice
HPRegen 0.30/turn    (no ring)
MPRegen 0.55/turn

%: no passive effects
@: about to teleport, very slightly contaminated
A: fangs 1, strong nose, distributed training
a: Renounce Religion, Potion Petition, Call Merchant, Bribe Branch


You were on level 6 of the Dungeon.
You worshipped Gozag.
Gozag was pleased with you.
You visited 2 branches of the dungeon, and saw 7 of its levels.

You collected 648 gold pieces.
You paid 61 gold pieces to Gozag.

Inventory:

Hand Weapons
 a - a +0 hand axe
 g - a +1 short sword of flaming
 w - a +2 hand axe of electrocution (weapon)
 B - a +0 war axe
Missiles
 y - 3 poisoned darts
Armour
 b - a +0 leather armour (worn)
 f - a +0 kite shield (worn)
Magical Staves
 c - a staff of air
 r - a staff of earth
Jewellery
 e - the amulet "Bayzet" (around neck) {RegenMP rElec rF++ Int-2 Dex+3}
   (You acquired it on level 5 of the Dungeon)

   [amulet of magic regeneration]

   It increases your rate of magic regeneration.
   Int:       It affects your intelligence (-2).
   Dex:       It affects your dexterity (+3).
   rF:        It greatly protects you from fire.
   rElec:     It insulates you from electricity.
 C - a ring of ice (left hand)
Wands
 d - a wand of acid (23)
 s - a wand of mindburst (26)
 A - a wand of polymorph (14)
Scrolls
 h - a scroll of enchant armour
 i - 2 scrolls of fog
 k - a scroll of enchant weapon {unknown}
 m - a scroll of teleportation
 t - a scroll of vulnerability
 u - a scroll of amnesia {unknown}
 v - a scroll of blinking {unknown}
 z - 2 scrolls of identify
Potions
 j - a potion of magic
 l - a potion of flight
 n - 3 potions of curing
 p - 2 potions of attraction {unknown}
 q - a potion of lignification {unknown}
 x - a potion of haste {unknown}
Miscellaneous
 o - a piece from Xom's chessboard (15/15)


   Skills:
 + Level 5.6 Fighting
 + Level 3.1 Short Blades
 + Level 3.1 Long Blades
 + Level 7.3 Axes
 + Level 3.1 Maces & Flails
 + Level 3.1 Polearms
 + Level 3.1 Staves
 + Level 3.1 Ranged Weapons
 + Level 3.1 Throwing
 + Level 3.1 Armour
 + Level 5.6 Dodging
 + Level 3.1 Stealth
 + Level 3.1 Shields
 + Level 3.1 Unarmed Combat
 + Level 6.0 Spellcasting
 + Level 6.1 Conjurations
 + Level 2.5 Hexes
 + Level 2.5 Summonings
 + Level 2.5 Necromancy
 + Level 2.5 Translocations
 + Level 2.5 Transmutations
 + Level 2.5 Fire Magic
 + Level 2.5 Ice Magic
 + Level 2.5 Air Magic
 + Level 2.5 Earth Magic
 + Level 2.5 Poison Magic
 + Level 3.5 Invocations
 + Level 3.1 Evocations


You had 17 spell levels left.
You knew the following spells:

 Your Spells              Type           Power      Damage    Failure   Level
a - Kiss of Death         Conj/Necr      44%        2d8       14%         1
b - Magic Dart            Conj           60%        1d6       7%          1

Your spell library contained the following spells:

 Spells                   Type           Power      Damage    Failure   Level
 Momentum Strike          Conj/Tloc      22%        3d8       22%         2
 Beastly Appendage        Tmut           16%        N/A       30%         1
 Hailstorm                Conj/Ice       17%        3d6       38%         3
 Call Imp                 Summ           16%        N/A       41%         2
 Lesser Beckoning         Tloc           16%        N/A       41%         2
 Wereblood                Tmut           8%         N/A       41%         2
 Mephitic Cloud           Conj/Pois/Air  10%        N/A       47%         3
 Gell's Gravitas          Tloc           8%         N/A       65%         3
 Spider Form              Tmut/Pois      8%         N/A       65%         3
 Teleport Other           Tloc           8%         N/A       65%         3


Dungeon Overview and Level Annotations

Branches:
Dungeon (6/15)             Temple (1/1) D:4

Altars:
Ashenzari
Cheibriados
Elyvilon
Fedhas
Gozag
Hepliaklqana
Kikubaaqudgha
Makhleb
Nemelex Xobeh
Okawaru
Qazlal
Ru
Sif Muna
Trog
Vehumet
Wu Jian
Xom
Zin

Shops:
D:3 (


Innate Abilities, Weirdness & Mutations

You have very sharp teeth.
Your uncanny sense of smell can sniff out nearby items.
Your experience applies equally to all skills.


Message History

You feel sick.
Your Spellcasting skill increases to level 6!
No target in view!
No target in view!
You feel sick.
You feel sick.
You feel sick.
You feel sick.
You feel sick.
You are no longer poisoned.
You now have 581 gold pieces (gained 6).
You now have 587 gold pieces (gained 6).
An orc priest comes into view.
It is wielding a +1 dagger of electrocution.
The orc priest shouts!
You hear a shout!
An orc priest is nearby!
The magic dart hits the orc priest.
The orc priest is moderately wounded.
The orc priest looks encouraged for a moment.
The magic dart hits the orc priest.
The orc priest is heavily wounded.
The orc priest invokes the aid of Beogh against you.
Beogh smites you!
An orc warrior comes into view. It is wielding a +0 battleaxe.
The magic dart hits the orc priest but does no damage.
The orc priest is moderately wounded.
You miscast Magic Dart.
You are very lightly contaminated with residual magic.
Nothing appears to happen.
The orc priest mumbles some strange prayers to Beogh against you.
Beogh smites you!
The orc warrior unwields a +0 battleaxe.
The orc warrior wields a +0 arbalest.
The orc warrior shoots a bolt.
The bolt hits you!
You hear a shout!
You are too injured to fight recklessly!
The orc warrior shoots a bolt.
You block the bolt.
As you read the scroll of teleportation, it crumbles to dust.
You feel strangely unstable.
The orc warrior shoots a bolt.
The bolt hits you!!
You die...
Your body crumbles into a pile of gold.

#..........>.##......#
#.............##......
###.....................
......................##
......................##
........................
#....##........≈≈≈......
#.......#.#....≈#≈≈≈≈...
.....##@###....≈≈≈≈#≈≈≈≈
.... #.# ....≈≈≈#≈≈≈≈#≈
.## #.......≈#≈≈≈≈#≈≈≈
........≈≈≈≈#≈≈≈≈.
..o..#..≈≈≈#≈≈≈≈#≈.
....... .≈# ≈≈≈#≈≈≈.
.......#. ≈≈ ≈#≈≈≈≈..
......o.#.. . ≈≈≈≈#≈..
.........# ## ...≈≈≈..


You could see an orc warrior and an orc priest.

Vanquished Creatures
  Eustachio (D:4)
  A water moccasin (D:6)
  A bullfrog (D:6)
  A scorpion (D:6)
  A howler monkey (D:5)
  2 hounds
  2 orc priests (D:5)
  3 jellies
  A sleepcap (D:6)
  2 iguanas
  3 orc wizards (D:5)
  9 adders
  A shadow imp (D:5)
  A white imp (D:5)
  2 ufetubi (D:5)
  2 worms
  A dart slug (D:2)
  17 orcs
  7 ball pythons
  6 bats
  6 endoplasms
  6 giant cockroaches
  10 hobgoblins
  A jackal (D:1)
  5 kobolds
  4 quokkas
  2 frilled lizards (D:1)
  6 goblins
  7 rats
  A butterfly (D:3)
112 creatures vanquished.

Notes
Turn   | Place    | Note
-------+----------+-------------------------------------------
     0 | D:1      | arthad the Gnoll Reaver began the quest for the Orb.
     0 | D:1      | Reached XP level 1. HP: 20/20 MP: 6/6
    78 | D:1      | Reached XP level 2. HP: 24/26 MP: 7/7
   212 | D:1      | Found a faded altar of an unknown god.
   298 | D:1      | Reached skill level 5 in Spellcasting
   298 | D:1      | Reached XP level 3. HP: 29/31 MP: 7/9
   446 | D:1      | Reached skill level 1 in Invocations
   931 | D:2      | Reached skill level 1 in Short Blades
   931 | D:2      | Reached skill level 1 in Long Blades
   931 | D:2      | Reached skill level 1 in Maces & Flails
   931 | D:2      | Reached skill level 1 in Polearms
   931 | D:2      | Reached skill level 1 in Staves
   931 | D:2      | Reached skill level 1 in Ranged Weapons
   931 | D:2      | Reached skill level 1 in Throwing
   931 | D:2      | Reached skill level 1 in Armour
   931 | D:2      | Reached skill level 1 in Stealth
   931 | D:2      | Reached skill level 1 in Shields
   931 | D:2      | Reached skill level 1 in Unarmed Combat
   931 | D:2      | Reached skill level 1 in Evocations
  1309 | D:2      | Reached XP level 4. HP: 38/38 MP: 11/11
  1575 | D:3      | Found a shimmering altar of Xom.
  1705 | D:3      | Reached skill level 1 in Hexes
  1705 | D:3      | Reached skill level 1 in Summonings
  1705 | D:3      | Reached skill level 1 in Necromancy
  1705 | D:3      | Reached skill level 1 in Translocations
  1705 | D:3      | Reached skill level 1 in Transmutations
  1705 | D:3      | Reached skill level 1 in Fire Magic
  1705 | D:3      | Reached skill level 1 in Ice Magic
  1705 | D:3      | Reached skill level 1 in Air Magic
  1705 | D:3      | Reached skill level 1 in Earth Magic
  1705 | D:3      | Reached skill level 1 in Poison Magic
  2175 | D:3      | Found Lieralel's Weapon Emporium.
  2314 | D:4      | Reached XP level 5. HP: 23/43 MP: 12/12
  2473 | D:4      | Noticed Eustachio
  2496 | D:4      | Killed Eustachio
  2497 | D:4      | Reached skill level 5 in Fighting
  2497 | D:4      | Reached skill level 5 in Dodging
  2497 | D:4      | Reached XP level 6. HP: 34/51 MP: 14/14
  3229 | D:4      | Found a staircase to the Ecumenical Temple.
  3336 | Temple   | Entered the Ecumenical Temple
  3336 | Temple   | Found a transporter.
  3336 | Temple   | Found a transporter.
  3338 | Temple   | Found a transporter.
  3338 | Temple   | Found a transporter.
  3367 | Temple   | Became a worshipper of Gozag Ym Sagoz the Greedy
  3738 | D:5      | Entered Level 5 of the Dungeon
  4028 | D:5      | Reached XP level 7. HP: 44/56 MP: 15/15
  4037 | D:5      | Reached skill level 7 in Axes
  5093 | D:5      | Found a bloodstained altar of Trog.
  5095 | D:5      | Found a blossoming altar of Fedhas.
  5169 | D:5      | Found a shimmering blue altar of Sif Muna.
  5340 | D:5      | Identified a scroll of acquirement
  5342 | D:5      | Acquired the amulet "Bayzet" {RegenMP rElec rF++ Int-2
                  | Dex+3}
  5351 | D:5      | Learned a level 1 spell: Magic Dart
  5660 | D:6      | Reached XP level 8. HP: 59/63 MP: 14/16
  5694 | D:6      | Found a snail-covered altar of Cheibriados.
  5955 | D:6      | Shot with a bolt by an orc warrior

Illustrated notes

Levels and vault maps discovered:
D:1:      dpeg_arrival_prison, layout_basic, chequers_ecumenical_altar_island,
          st_stairs_7, fountainhead, minmay_misc_feat_iff, dk_noncrumbling_4,
          serial_bayou_pond_b
D:2:      minmay_wonky_spiral, layout_loops_ring, hex_large, glass_columns_a
D:3:      layout_basic, xom_butterflies, serial_shops,
          nicolae_shop_hallway_stairs, hangedman_decor_slide_cut,
          kennysheep_nondescript
D:4:      layout_layer_cave, temple_doors_ab, uniq_eustachio
D:5:      layout_loops_cross, kennysheep_little_box,
          mainiacjoe_overflow_catwalk_spiral, chequers_decorated_corner,
          grunt_ministairs_12, guppyfry_early_orc_mine
D:6:      black_bear_nest_2, layout_cave_pools, cheibriados_altar_1,
          nicolae_lava_and_water
Temple:   hellmonk_temple_divided_pantheon

Skill      XL: |  1  2  3  4  5  6  7  8 |
---------------+-------------------------+-----
Spellcasting   | 5 6 |  6.0
Invocations    | 1 2 3 |  3.5
Short Blades   | 1 2 3 |  3.1
Long Blades    | 1 2 3 |  3.1
Maces & Flails | 1 2 3 |  3.1
Polearms       | 1 2 3 |  3.1
Staves         | 1 2 3 |  3.1
Ranged Weapons | 1 2 3 |  3.1
Throwing       | 1 2 3 |  3.1
Armour         | 1 2 3 |  3.1
Stealth        | 1 2 3 |  3.1
Shields        | 1 2 3 |  3.1
Unarmed Combat | 1 2 3 |  3.1
Evocations     | 1 2 3 |  3.1
Hexes          | 1 2 |  2.5
Summonings     | 1 2 |  2.5
Necromancy     | 1 2 |  2.5
Translocations | 1 2 |  2.5
Transmutations | 1 2 |  2.5
Fire Magic     | 1 2 |  2.5
Ice Magic      | 1 2 |  2.5
Air Magic      | 1 2 |  2.5
Earth Magic    | 1 2 |  2.5
Poison Magic   | 1 2 |  2.5
Fighting       | 5 |  5.6
Dodging        | 5 |  5.6
Axes           | 7 |  7.3
Conjurations   | 6 |  6.1

Action                     |  1- 3 |  4- 6 |  7- 9 || total
---------------------------+-------+-------+-------++-------
  Melee: Hand axe          |   123 |   155 |   153 ||   431
         Bite              |     5 |    13 |    13 ||    31
   Cast: Magic Dart        |       |       |    35 ||    35
  Evoke: Piece from Xom's  |       |     2 |     4 ||     6
         Wand              |       |     4 |     1 ||     5
    Use: Potion            |       |     2 |     1 ||     3
         Scroll            |       |       |     9 ||     9
   Stab: Petrified         |       |     7 |       ||     7
         Sleeping          |       |     3 |     2 ||     5
 Armour: Leather armour    |    31 |    19 |    26 ||    76
  Dodge: Dodged            |    63 |    57 |    62 ||   182
  Block: Kite shield       |    18 |    42 |    54 ||   114
